 Dungeon Crawl Stone Soup version 0.21-a0-521-g1cd18d1 (webtiles) character file.

164 Gerstahl the Chopper (level 5, -5/47 HPs)
             Began as a Draconian Gladiator on Dec 5, 2017.
             Slain by a gnoll
             ... wielding a +0 halberd
              (15 damage)
             ... on level 3 of the Dungeon.
             The game lasted 00:02:42 (2475 turns).

Gerstahl the Chopper (Draconian Gladiator)          Turns: 2475, Time: 00:02:43

Health: -5/47      AC:  6    Str: 17    XL:     5   Next: 21%
Magic:  5/5        EV: 13    Int:  9    God:
Gold:   80         SH:  0    Dex: 16    Spells: 4/4 levels left

rFire    . . .     SeeInvis .   a - +0 war axe
rCold    . . .     Gourm    .   (no shield)
rNeg     . . .     Faith    .   (armour unavailable)
rPois    .         Spirit   .   b - +0 hat
rElec    .         Reflect  .   (no cloak)
rCorr    .         Harm     .   l - +0 pair of gloves
MR       .....                  (no boots)
Stlth    +.........             (no amulet)
HPRegen  0.15/turn              j - +4 ring of dexterity
MPRegen  0.09/turn              (no ring)

@: drained
A: unfitting armour, cold-blooded, AC +5
a: no special abilities


You were on level 3 of the Dungeon.
You were near starving.

You visited 1 branch of the dungeon, and saw 3 of its levels.

You collected 80 gold pieces.

Inventory:

Hand Weapons
 a - a +0 war axe (weapon)
Missiles
 c - 3 throwing nets (quivered)
Armour
 b - a +0 hat (worn)
 l - a +0 pair of gloves (worn)
Jewellery
 j - a +4 ring of dexterity (left hand)
 m - an uncursed amulet of harm {unknown}
Scrolls
 e - a scroll of enchant weapon {unknown}
 g - a scroll of amnesia {unknown}
 h - 2 scrolls of identify {unknown}
 i - a scroll of remove curse {unknown}
Potions
 k - a potion of invisibility {unknown}
Comestibles
 d - 4 bread rations


   Skills:
 + Level 4.5(4.2) Fighting
 + Level 4.7(4.5) Axes
 - Level 1.7(1.5) Throwing
 - Level 2.6(2.4) Dodging


You had 4 spell levels left.
You didn't know any spells.

Dungeon Overview and Level Annotations

Branches:
Dungeon (3/15)

Altars:
Trog
Vehumet

Annotations:
D:2 2 transporters


Innate Abilities, Weirdness & Mutations

Your plain brown scales are hard. (AC +5)
You cannot fit into any form of body armour.
You are cold-blooded and may be slowed by cold attacks.


Message History

You slash the adder!
Your tail-slap misses the adder.
The adder is almost dead.
The adder bites you but does no damage. The gnoll hits you but does no damage.
The adder barely misses you.
You hit the adder.
You kill the adder!
The gnoll barely misses you. The gnoll closely misses you.
The gnoll completely misses you.
Things that are here:
a whip of venom; an adder corpse You barely miss the gnoll.
The gnoll hits you with a halberd!
The gnoll hits you from afar with a halberd.
You slash the gnoll!
The gnoll is severely wounded.
The gnoll misses you.
The gnoll hits you from afar with a halberd!
* * * LOW HITPOINT WARNING * * *
You feel better. The gnoll closely misses you.
The gnoll hits you from afar with a halberd!
You die...

#. ##### #.# .... ..... #.##
##..# #..).##.. .... .
........ ... .# .....#.# ..
... #...##### .# .#.#
#......####g#.....
#..###@##.........
###########.####g##w.S......
............# #gw.#.........
............###........#####
.............####.#......#
######.......# #.#.##....#
..# #.......# ....# ....#
..# #.......# ...#.# ......
..# #.....#.#.##...# ......


You could see 2 gnolls and a dart slug.

Vanquished Creatures
  A worker ant (D:2)
  5 adders
  3 gnolls
  2 worms
  2 dart slugs
  An orc (D:3)
  2 giant cockroaches (D:1)
  9 goblins
  7 hobgoblins
  7 jackals (D:1)
  6 kobolds
  2 quokkas (D:2)
  3 bats
  A frilled lizard (D:1)
  2 rats (D:2)
53 creatures vanquished.

Notes
Turn   | Place    | Note
-------+----------+-------------------------------------------
     0 | D:1      | Gerstahl the Draconian Gladiator began the quest for the Orb.
     0 | D:1      | Reached XP level 1. HP: 17/17 MP: 1/1
    44 | D:1      | Reached XP level 2. HP: 2/25 MP: 2/2
    45 | D:1      | HP: 1/25 [hobgoblin/club (1)]
   872 | D:2      | Reached XP level 3. HP: 19/31 MP: 3/3
  1033 | D:2      | Reached XP level 4. HP: 40/40 MP: 4/4
  1123 | D:2      | Found a transporter.
  1123 | D:2      | Found a transporter.
  1124 | D:2      | Noticed an orc warrior
  1128 | D:2      | Found a radiant altar of Vehumet.
  1128 | D:2      | Found a bloodstained altar of Trog.
  2466 | D:3      | Reached XP level 5. HP: 34/47 MP: 5/5
  2475 | D:3      | Slain by a gnoll

Vault maps used:
D:1:      minmay_arrival_nine_rooms
D:2:      gammafunk_temple_overflow_arena, first_bread, minmay_circled_x
D:3:      serial_co_window_serial, co_window_paths_a, co_window_paths_a,
          co_window_corner_a, co_window_paths_b, co_window_paths_b,
          co_window_2corner, co_window_unsneaky_path_c, co_window_broadway_c,
          co_window_unsneaky_path_e, co_window_4corner_b, glass_columns_a,
          glass_columns_b, glass_columns_a, glass_columns_c, glass_columns_c,
          kennysheep_generic_room_8

Skill      XL: |  1  2  3  4 |
---------------+-------------+-----
Fighting       | 3 4 |  4.5
Axes           | 4 |  4.7
Throwing       | |  1.7
Dodging        | |  2.6

Action                   |  1- 3 |  4- 6 || total
-------------------------+-------+-------++-------
Melee: War axe           |    61 |    75 ||   136
       Tailslap          |     3 |     7 ||    10
  Use: Potion            |     1 |     1 ||     2
 Stab: Sleeping          |       |     1 ||     1
  Eat: Chunk             |       |     3 ||     3
Armor: Skin              |    19 |    30 ||    49
Dodge: Dodged            |    47 |    55 ||   102

Table legend:
 A = Spawn XP
 B = Non-spawn XP
 C = Spawn XP percentage of total XP
 D = Spawn monster count
 E = Non-spawn monster count
 F = Spawn count percentage of total count
 G = Total turns spent on level
                    A         B        C        D         E        F      G
               +---------+---------+-------+---------+---------+-------+---------
         Total |       0 |     235 |   0.0 |       0 |      53 |   0.0 |  2475
               +---------+---------+-------+---------+---------+-------+---------
           D:1 |       0 |      40 |   0.0 |       0 |      21 |   0.0 |   816
           D:2 |       0 |     139 |   0.0 |       0 |      24 |   0.0 |  1573
           D:3 |       0 |      56 |   0.0 |       0 |       8 |   0.0 |    86
               +---------+---------+-------+---------+---------+-------+---------
